 Dungeon Crawl Stone Soup version 0.18-a0-1372-gd644665 (webtiles) character file.

13037 brucemayne the Severer (level 11, -8/81 HPs)
             Began as a Demonspawn Gladiator on Feb 21, 2016.
             Was a High Priest of Makhleb.
             Killed from afar by an orc sorcerer (19 damage)
             ... with a bolt of negative energy
             ... while paralysed by an orc sorcerer
             ... on level 1 of the Orcish Mines.
             The game lasted 00:37:15 (4799 turns).

brucemayne the Severer (Demonspawn Gladiator)       Turns: 4799, Time: 00:37:15

Health: -8/81      AC: 19    Str: 17    XL:     11   Next: 70%
Magic:  14/14      EV:  2    Int:  9    God:    Makhleb [*****.]
Gold:   361        SH:  0    Dex: 16    Spells: 1 memorised, 7 levels left

rFire  . . .     SeeInvis +     D - +0 battleaxe (venom)
rCold  + + .     Gourm    .     y - +10 scale mail "Unuxebet" {+Blink rC+}
rNeg   . . .     Faith    .     (shield currently unavailable)
rPois  .         Spirit   .     (helmet restricted)
rElec  .         Dismiss  .     g - +1 cloak
rCorr  .         Reflect  .     (no gloves)
SustAt .         Harm     .     o - +0 pair of boots
MR     .....                    (no amulet)
Stlth  ..........               (no ring)
                                k - ring of see invisible

@: paralysed, about to teleport, heavily drained, not resistant to hostile
enchantments, extremely unstealthy
A: claws 2, horns 2, cold resistance 1, powered by death 2
a: Minor Destruction, Lesser Servant of Makhleb, Major Destruction, Greater
Servant of Makhleb, Renounce Religion, Evoke Blink


You were on level 1 of the Orcish Mines.
You worshipped Makhleb.
Makhleb was extremely pleased with you.
You were hungry.

You visited 3 branches of the dungeon, and saw 16 of its levels.
You also visited: Ice Cave.

You collected 361 gold pieces.

Inventory:

Hand Weapons
 a - a +0 war axe
 h - a +0 blowgun
 D - a +0 battleaxe of venom (weapon)
Missiles
 v - 9 poisoned needles
Armour
 g - a +1 cloak (worn)
 m - a +0 buckler
 o - a +0 pair of boots (worn)
 x - a +0 plate armour
 y - the +10 scale mail "Unuxebet" (worn) {+Blink rC+}
   (You found it on level 10 of the Dungeon)

   It protects you from cold.
   It lets you blink.
Jewellery
 k - a ring of see invisible (left claw)
 u - an uncursed ring of loudness
 F - an uncursed amulet of faith
Wands
 c - a wand of random effects (32/48)
 r - a wand of random effects (17/48)
 z - a wand of flame (31/48)
Scrolls
 e - a scroll of amnesia {unknown}
 i - 2 scrolls of enchant armour
 t - a scroll of fear {unknown}
 A - 8 scrolls of remove curse
 B - 4 scrolls of fog {unknown}
 K - a scroll of teleportation
Potions
 d - 3 potions of heal wounds {unknown}
 j - a potion of berserk rage
 l - 2 potions of curing
 n - 3 potions of might {unknown}
 q - a potion of agility
 w - a potion of beneficial mutation {unknown}
 C - 2 potions of ambrosia {unknown}
 H - 2 potions of brilliance {unknown}
 I - a potion of cancellation {unknown}
 L - a potion of mutation {unknown}
Books
 b - a book of Party Tricks

   Spells                             Type                      Level
   a - Summon Butterflies             Summoning                    1
   b - Apportation                    Translocation                1
   c - Tukima's Dance                 Hexes                        3
   d - Alistair's Intoxication        Transmutation/Poison         5
   e - Invisibility                   Hexes                        6
Comestibles
 f - 5 bread rations
 G - a meat ration


   Skills:
 - Level 6.0(4.2) Fighting
 + Level 15.1(12.8) Axes
 - Level 1.7(0.1) Throwing
 - Level 2.6(1.0) Dodging
 - Level 4.2(2.4) Shields
 - Level 4.0(2.2) Invocations


You had 7 spell levels left.
You knew the following spells:

 Your Spells              Type           Power        Failure   Level  Hunger
a - Regeneration          Chrm/Necr      #.........   100%        3    ####...


Dungeon Overview and Level Annotations

Branches:
Dungeon (14/15)            Temple (0/1) D:7            Lair (1/8) D:11
    Orc (1/2) D:9
 Vaults: D:13-14

Altars:
Cheibriados
Dithmenos
Fedhas
Makhleb
Nemelex Xobeh
Sif Muna
Yredelemnul
The Shining One
Beogh

Portals:
Trove: D:11 (give 4 scrolls of blinking)

Annotations:
D:5 ronniedog's ghost, amateur HaWr
D:6 exclusion: upstairs, Edmund
D:11 MordorOrchid's ghost, novice CeGl


Innate Abilities, Weirdness & Mutations

You have very sharp fingernails.
You have a pair of horns on your head.
Your flesh is cold resistant.
You regenerate health from kills.


Message History

Okay, then.
The orc sorcerer points at you and mumbles some strange words.
You suddenly lose the ability to move!
The orc warrior hits you with a dire flail.
* * * LOW HITPOINT WARNING * * *
The orc sorcerer hits you with a dagger of flaming.
* * * LOW HITPOINT WARNING * * *
The orc sorcerer burns you.
* * * LOW HITPOINT WARNING * * *
The orc wizard gestures wildly while chanting.
The orc wizard blinks!
The orc warrior hits you from afar with a halberd.
* * * LOW HITPOINT WARNING * * *
The ice devil hits you but does no damage.
The orc warrior hits you but does no damage.
The orc sorcerer points at you and mumbles some strange words.
The bolt of negative energy hits the ice devil.
The ice devil completely resists.
The bolt of negative energy hits you!
You feel drained.
You die...

......#........
#........._... .
##o...........
..#...........$.
.........#......
...............
##.#$..o§....$..
#......oo....#..
#.....@4o......
###.....#......
##.$.........
#....##......
##.... ......
##... ..... ....
.... ..... ...


You could see an ice devil, 2 orc sorcerers, 2 orc warriors and an orc wizard.

Vanquished Creatures
  A hill giant (D:13)
  A necromancer (IceCv)
  An orc knight (D:9)
  2 griffons
  2 ugly things
  A cyclops (D:10)
  2 ice statues (IceCv)
  A kobold demonologist (D:12)
  An ice devil (IceCv)
  2 trolls
  7 slime creatures
  2 two-headed ogres
  2 shadows
  4 yaks (D:12)
  A hippogriff (D:12)
  A soldier ant (D:11)
  3 orc warriors
  8 ice beasts (D:12)
  2 black bears (D:8)
  2 phantoms
  3 sky beasts
  5 ogres
  8 centaurs
  8 big kobolds
  6 giant frogs
  2 gnoll sergeants
  2 scorpions
  A wyvern skeleton (D:6)
  A wight (D:6)
  3 killer bees (D:13)
  2 centaur zombies
  4 crimson imps
  A giant frog zombie (D:8)
  4 hounds
  5 orc wizards
  A jelly (D:9)
  3 centaur skeletons
  5 orc priests
  2 gnoll shamans
  2 iguanas
  2 worker ants
  A mummy (D:4)
  2 worker ant zombies
  17 gnolls
  6 adders
  9 river rats (Lair:1)
  2 shadow imps
  2 giant geckos
  29 orcs
  2 bats
  2 giant cockroaches
  3 goblins
  4 hobgoblins
  2 jackals (D:2)
  4 quokkas
  A giant gecko skeleton (D:8)
  A giant newt (D:2)
  2 hobgoblin zombies (D:4)
  13 kobolds
  A kobold zombie (D:4)
  An orc zombie (D:4)
  A quokka skeleton (D:4)
  2 rats
  A butterfly (D:7)
224 creatures vanquished.

Vanquished Creatures (collateral kills)
  2 ice devils (IceCv)
2 creatures vanquished.

Vanquished Creatures (others)
  5 toadstools (D:1)
5 creatures vanquished.

Grand Total: 231 creatures vanquished

Notes
Turn   | Place    | Note
--------------------------------------------------------------
     0 | D:1      | brucemayne the Demonspawn Gladiator began the quest for the Orb.
     0 | D:1      | Reached XP level 1. HP: 16/16 MP: 1/1
    44 | D:2      | Reached skill level 3 in Axes
    68 | D:3      | Found a deep blue altar of Sif Muna.
    71 | D:3      | Noticed an orc priest
   164 | D:1      | Gained mutation: You regenerate a little health from kills. [demonic ancestry]
   164 | D:1      | Reached XP level 2. HP: 6/22 MP: 2/2
   182 | D:2      | Found a burning altar of Makhleb.
   188 | D:2      | Became a worshipper of Makhleb the Destroyer
   196 | D:2      | Found a snail-covered altar of Cheibriados.
   349 | D:2      | Gained mutation: Your flesh is cold resistant. [demonic ancestry]
   349 | D:2      | Reached XP level 3. HP: 11/27 MP: 3/3
   396 | D:3      | Found a sparkling altar of Nemelex Xobeh.
   407 | D:3      | Reached skill level 4 in Axes
   497 | D:3      | Reached XP level 4. HP: 26/33 MP: 4/4
   514 | D:4      | Reached skill level 5 in Axes
   574 | D:3      | Reached XP level 5. HP: 21/38 MP: 5/5
   580 | D:3      | Reached * piety under Makhleb
   900 | D:4      | Reached skill level 6 in Axes
   957 | D:5      | Entered Level 5 of the Dungeon
  1150 | D:5      | Gained mutation: You have a pair of small horns on your head. [demonic ancestry]
  1150 | D:5      | Reached XP level 6. HP: 37/44 MP: 6/6
  1238 | D:5      | Noticed ronniedog's ghost (amateur HaWr)
  1443 | D:6      | Noticed a sky beast
  1456 | D:6      | Killed a sky beast
  1456 | D:6      | Reached skill level 7 in Axes
  1569 | D:7      | Found a staircase to the Ecumenical Temple.
  1588 | D:7      | Gained mutation: You regenerate health from kills. [demonic ancestry]
  1588 | D:7      | Reached XP level 7. HP: 28/50 MP: 7/7
  1606 | D:7      | Reached ** piety under Makhleb
  1614 | D:7      | Found a shadowy altar of Dithmenos.
  1807 | D:6      | Reached skill level 8 in Axes
  1901 | D:6      | Noticed Edmund
  1965 | D:8      | Reached skill level 9 in Axes
  1965 | D:8      | Gained mutation: You have a pair of horns on your head. [demonic ancestry]
  1965 | D:8      | Reached XP level 8. HP: 26/56 MP: 8/8
  2058 | D:8      | Reached skill level 1 in Shields
  2074 | D:8      | Reached *** piety under Makhleb
  2329 | D:8      | Reached skill level 1 in Invocations
  2359 | D:7      | Found a glowing golden altar of the Shining One.
  2359 | D:7      | Found a blossoming altar of Fedhas.
  2364 | D:7      | Found a basalt altar of Yredelemnul.
  2569 | D:10     | Entered Level 10 of the Dungeon
  2592 | D:10     | Got a steaming scale mail
  2633 | D:10     | Identified the +10 scale mail "Unuxebet" {+Blink rC+} (You found it on level 10 of the Dungeon)
  2634 | D:10     | thatll do
  2692 | D:10     | Gained mutation: You have sharp fingernails. [demonic ancestry]
  2692 | D:10     | Reached XP level 9. HP: 62/62 MP: 12/12
  2793 | D:11     | Found a portal to a secret trove of treasure.
  2840 | D:12     | Noticed a griffon
  2935 | D:12     | Killed a griffon
  2935 | D:12     | Reached skill level 10 in Axes
  2970 | D:12     | Reached **** piety under Makhleb
  3055 | D:12     | Reached skill level 5 in Fighting
  3187 | D:12     | Reached skill level 11 in Axes
  3194 | D:12     | Reached XP level 10. HP: 76/76 MP: 13/13
  3227 | D:12     | Found a frozen archway.
  3248 | IceCv    | Entered an ice cave
  3303 | IceCv    | Noticed an ice statue
  3303 | IceCv    | Noticed an ice statue
  3318 | IceCv    | Killed an ice statue
  3318 | IceCv    | Reached skill level 12 in Axes
  3339 | IceCv    | Killed an ice statue
  3387 | IceCv    | Noticed a necromancer
  3398 | IceCv    | Killed a necromancer
  3671 | D:13     | Reached skill level 13 in Axes
  3764 | D:13     | Gained mutation: You have very sharp fingernails. [demonic ancestry]
  3764 | D:13     | Reached XP level 11. HP: 81/81 MP: 14/14
  3904 | D:12     | Noticed a brown ugly thing
  3921 | D:12     | Killed a brown ugly thing
  3977 | D:11     | Noticed MordorOrchid's ghost (novice CeGl)
  4105 | D:13     | Noticed a hill giant
  4111 | D:13     | Killed a hill giant
  4127 | D:13     | Noticed a griffon
  4140 | D:13     | Killed a griffon
  4140 | D:13     | Reached skill level 14 in Axes
  4381 | D:11     | Noticed a white ugly thing
  4395 | D:11     | Killed a white ugly thing
  4395 | D:11     | Reached ***** piety under Makhleb
  4470 | D:11     | Found a staircase to the Lair.
  4549 | Lair:1   | Entered Level 1 of the Lair of Beasts
  4570 | Lair:1   | Learned a level 3 spell: Regeneration
  4667 | D:9      | Found a staircase to the Orcish Mines.
  4757 | Orc:1    | Entered Level 1 of the Orcish Mines
  4757 | Orc:1    | Found a roughly hewn altar of Beogh.
  4757 | Orc:1    | Noticed an orc knight
  4757 | Orc:1    | Noticed an orc sorcerer
  4757 | Orc:1    | Noticed an orc sorcerer
  4770 | D:9      | Reached skill level 15 in Axes
  4780 | D:9      | Killed an orc knight
  4797 | Orc:1    | Paralysed by an orc sorcerer for 6 turns
  4799 | Orc:1    | Killed from afar by an orc sorcerer

Vault maps used:
D:1:      ldierk_walled_garden, minmay_misc_feat_diagonals
D:2:      old_standard_altar, first_bread, cheibriados_altar_1, uniq_terence
D:3:      grunt_temple_overflow_open, serial_bayou_crossing
D:4:      minmay_door_path, minmay_mini_ossuary, uniq_natasha
D:6:      uniq_eustachio, uniq_edmund
D:7:      zin_treasury, overflow_temple_1_default, minitemple,
          minmay_temple_entry_butterflies, nrook_mini_backslash
D:9:      kennysheep_orc_monster_closet_entryway
D:10:     hangedman_pestilent_swarm
D:11:     lair_0_dummy, enter_trove_2, grunt_ministairs_12, grunt_decor_cap
D:12:     portal_ice_cave_entry_ice_beasts
D:13:     david_vaults_5
D:14:     serial_shops, shop, nicolae_gozag_seed_capital
Lair:1:   minivault_23, minivault_27
Orc:1:    basic_altar
IceCv:    ice_cave_tombish

Action                   |  1- 3 |  4- 6 |  7- 9 | 10-12 || total
-------------------------+-------+-------+-------+-------++-------
Melee: War axe           |    77 |   133 |   358 |    91 ||   659
       Battleaxe         |       |       |       |   317 ||   317
Throw: Throwing net      |    10 |     2 |       |       ||    12
Invok: Lesser Servant of |       |       |       |     4 ||     4
Evoke: Wand              |       |       |       |     1 ||     1
  Use: Scroll            |       |     3 |     6 |     3 ||    12
       Potion            |       |       |     3 |     1 ||     4
 Stab: Held in net/web   |     6 |       |       |       ||     6
  Eat: Chunk             |       |     3 |     1 |     3 ||     7
       Beef jerky        |       |       |     2 |       ||     2
       Meat ration       |       |       |     1 |       ||     1
